 Dungeon Crawl Stone Soup version 0.30-a0-808-g6e0788376e (webtiles) character file.

Game seed: 17261706153477201250

52562 demibob the Tainter (level 14, -1/98 HPs)
             Began as a Merfolk Gladiator on Feb 25, 2023.
             Was a High Priest of Vehumet.
             Slain by a red ugly thing (18 damage)
             ... on level 11 of the Dungeon.
             The game lasted 00:39:44 (15606 turns).

demibob the Tainter (Merfolk Gladiator)            Turns: 15606, Time: 00:39:44

Health: -1/98      AC: 17    Str: 15    XL:     14   Next: 64%
Magic:  17/21      EV: 18    Int:  8    God:    Vehumet [*****.]
Gold:   1466       SH: 12    Dex: 19    Spells: 12/23 levels left

rFire   . . .      SeeInvis +    a - +9 staff of Olgreb {rPois∞}
rCold   + + +      Faith    .    C - +2 buckler
rNeg    . . .      Spirit   .    b - +0 leather armour
rPois   ∞          Reflect  +    n - +0 helmet {SInv}
rElec   .          Harm     .    y - +1 cloak
rCorr   .          Rampage  .    A - +2 pair of gloves of Slovenliness {rC+++ Slay+3}
Will    +....                    (no boots)
Stlth   +                        i - amulet of reflection
HPRegen 0.36/turn                T - +4 ring of protection
MPRegen 0.17/turn                t - +4 ring of protection

@: radiating poison
A: (nimble swimmer 2), mertail
a: Renounce Religion, Evoke the Staff of Olgreb


You were on level 11 of the Dungeon.
You worshipped Vehumet.
Vehumet was extremely pleased with you.
You visited 4 branches of the dungeon, and saw 18 of its levels.

You collected 1900 gold pieces.
You spent 434 gold pieces at shops.


Innate Abilities, Weirdness & Mutations

((You are very nimble when in or above water. (Stealth+, EV+, Speed+++)))
Your lower body shifts to a powerful aquatic tail in water.


   Skills:
 - Level 5.0 Fighting
 - Level 6.7(13.1) Polearms
 - Level 11.6(12.0) Staves
 - Level 2.0 Throwing
 - Level 2.9 Armour
 - Level 11.1 Dodging
 + Level 3.3 Shields
 - Level 5.2 Spellcasting
 + Level 3.6 Conjurations
 - Level 1.5 Hexes
 + Level 5.2 Ice Magic
 - Level 14.2 Poison Magic
 - Level 9.1 Evocations


You had 12 spell levels left.
You knew the following spells:

 Your Spells              Type           Power      Damage    Failure   Level
c - Freezing Cloud        Conj/Ice/Air   3%         6-21      61%         5
e - Ensorcelled Hibernat  Hex/Ice        14%        N/A       16%         2
f - Freeze                Ice            40%        1d6       1%          1
s - Spider Form           Tmut/Pois      20%        N/A       7%          3

Your spell library contained the following spells:

 Spells                   Type           Power      Damage    Failure   Level
 Conjure Ball Lightning   Conj/Air       2%         3x3d6     99%         6
 Frozen Ramparts          Ice            20%        1d4       4%          3
 Hailstorm                Conj/Ice       9%         3d4       5%          3
 Momentum Strike          Conj/Tloc      10%        3d8       9%          2
 Static Discharge         Conj/Air       10%        2-3/arc   9%          2
 Dazzling Flash           Conj/Hex       12%        N/A       12%         3
 Iskenderun's Mystic Bla  Conj/Tloc      5%         2d3       43%         4
 Blink                    Tloc           4%         N/A       54%         2
 Lesser Beckoning         Tloc           4%         N/A       54%         2
 Summon Guardian Golem    Hex/Summ       3%         N/A       67%         3
 Gell's Gravitas          Tloc           2%         N/A       77%         3
 Teleport Other           Tloc           2%         N/A       77%         3
 Vhi's Electric Charge    Tloc/Air       4%         N/A       77%         3
 Arcjolt                  Conj/Air       2%         1d12      77%         5
 Lightning Bolt           Conj/Air       2%         1d14      77%         5
 Ice Form                 Ice/Tmut       6%         N/A       80%         4
 Lee's Rapid Deconstruct  Erth           1%         3d4*      94%         5
 Anguish                  Hex/Necr       1%         N/A       97%         4
 Leda's Liquefaction      Hex/Erth       1%         N/A       97%         4
 Starburst                Conj/Fire      2%         6d3       99%         6
 Dispersal                Tloc           1%         N/A       100%        6
 Simulacrum               Ice/Necr       3%         N/A       100%        6
 Statue Form              Tmut/Erth      1%         N/A       100%        6
 Orb of Destruction       Conj           3%         9d5       100%        7
 Spellforged Servitor     Conj/Summ      2%         N/A       100%        7

Inventory:

Hand Weapons
 a - the +9 staff of Olgreb (weapon) {rPois∞}
   (You acquired it on level 3 of the Dungeon)

   It enhances your poison magic.
   It grants immunity to poison.
   It can be activated via the 'a'bility menu to radiate toxic energy, with
   effectiveness depending on Evocations skill.
Missiles
 d - 8 throwing nets (quivered) {=f}
Armour
 b - a +0 leather armour (worn)
 n - a +0 helmet of see invisible (worn)
 y - a +1 cloak (worn)
 A - the +2 pair of gloves of Slovenliness (worn) {rC+++ Slay+3}
   (You found it on level 4 of the Lair of Beasts)

   Slay:      It affects your accuracy & damage with ranged weapons and melee
   (+3).
   rC:        It renders you almost immune to cold.
 C - a +2 buckler (worn)
Magical Staves
 B - a staff of poison {!a}
Jewellery
 i - an amulet of reflection (around neck)
 t - a +4 ring of protection (right hand)
 F - a ring of fire
 T - a +4 ring of protection (left hand)
Wands
 e - a wand of acid (2)
 k - a wand of digging (8)
 s - a wand of flame (19)
 u - a wand of roots (14)
 D - a wand of polymorph (6)
 E - a wand of charming (6)
Scrolls
 c - 2 scrolls of poison
 f - 3 scrolls of enchant weapon
 j - 8 scrolls of teleportation {@r2}
 m - a scroll of magic mapping
 p - 6 scrolls of amnesia
 G - a scroll of silence {!r}
 H - a scroll of enchant armour
 J - a scroll of identify {@r1}
Potions
 h - 5 potions of might
 l - a potion of haste {@q3}
 o - 10 potions of curing {@q1}
 q - a potion of ambrosia
 r - 2 potions of mutation
 v - 3 potions of magic
 w - 2 potions of brilliance
 x - a potion of cancellation
 z - a potion of resistance
 I - a potion of flight {unknown}

Dungeon Overview and Level Annotations

Branches:
Dungeon (11/15)            Temple (1/1) D:7            Lair (5/5) D:9
 Shoals (0/4) Lair:3       Spider (0/4) Lair:3        Slime (0/5) Lair:5
    Orc (2/2) D:9             Elf (0/3) Orc:2

Altars:
Ashenzari
Cheibriados
Dithmenos
Elyvilon
Fedhas
Gozag
Hepliaklqana
Kikubaaqudgha
Makhleb
Nemelex Xobeh
Okawaru
Qazlal
Ru
Sif Muna
Trog
Uskayaw
Vehumet
Wu Jian
Xom
Yredelemnul
Zin
The Shining One
Jiyva

Shops:
D:2 (   D:4 !(   Orc:2 [*

Annotations:
Orc:2 Saint Roka

##...######.#####....##..##
#..### #....###########..##
#.## ##.#.........## ##...
#.# #....░░░▒░▒▒..## #...
#.######...░▒
▒.░.░▒..###... #.........▒▒
░.░.▒ ▒▒....... #..▒░▒░▒▒░░
░.░.░ ▒▒░░'▒▒░
#..░▒▒...▒.░Y▒.▒ ▒.....▒
#..▒..░..▒▒@░.▒ ▒.▒.▒.▒
#..░░░)▒░Qu░.░ ▒.▒.░.▒
###..▒..░..░▒)░.░ ░.▒.▒.░
#....▒...░▒▒.▒l░.▒ ░.....▒
##.#..▒▒▒'▒░░░ ░.░.▒
░▒░'▒░▒ #....░░░▒▒).░▒
▒.░.▒ ▒░.....░
#...░▒..░░▒░.░▒
▒.▒.▒░▒.......
#..▒░.▒░..▒▒░.▒
'▒░░░..▒.▒.▒.
#..░)░▒░░░.▒▒.▒ .
░..▒▒▒▒▒░▒


You could see a red ugly thing (very poisoned), a yak (very poisoned) and a
tengu conjurer.


Message History

* * * LOW HITPOINT WARNING * * *
Okay, then.
You feel much better. The orc wizard misses you.
The red ugly thing completely misses you.
Use which ability? (? or * to list)
You begin to radiate toxic energy.
The basilisk is poisoned.
The red ugly thing is poisoned.
The orc wizard is poisoned.
The basilisk looks even sicker.
The red ugly thing looks even sicker.
You block the tengu conjurer's attack. x2
The tengu conjurer claws you but does no damage.
The orc wizard closely misses you.
A yak comes into view.
The red ugly thing barely misses you.
You sock the orc wizard!
You kill the orc wizard!
Vehumet accepts your kill.
The yak is poisoned.
The basilisk looks even sicker.
The tengu conjurer hits you with the +4 rapier "Weoviam" {heavy, *Slow rPois Int+3 Dex+3}!
* * * LOW HITPOINT WARNING * * *
The tengu conjurer pecks you but does no damage.
You block the tengu conjurer's attack.
The yak looks even sicker.
The yak gores you!
* * * LOW HITPOINT WARNING * * *
Things that are here:
a staff of cold {!a}; a +0 robe; an orc corpse The red ugly thing attacks as you move away!
The red ugly thing punches you!
* * * LOW HITPOINT WARNING * * *
You are engulfed in flames!!
You die...

Skill      XL: |  1  2  3  4  5  6  7  8  9 10 11 12 13 14 |
---------------+-------------------------------------------+-----
Polearms       | 5 6 |  6.7
Staves         | 2 3 4 5 6 7 9 11 | 11.6
Evocations     | 2 3 5 6 7 9 |  9.1
Poison Magic   | 1 4 5 7 9 10 13 14 | 14.2
Dodging        | 5 10 11 | 11.1
Spellcasting   | 4 5 |  5.2
Armour         | 2 |  2.9
Fighting       | 4 5 |  5.0
Hexes          | 1 |  1.5
Ice Magic      | 5 |  5.2
Conjurations   | 3 |  3.6
Shields        | 3 |  3.3
Throwing       | |  2.0

Action                     |  1- 3 |  4- 6 |  7- 9 | 10-12 | 13-15 || total
---------------------------+-------+-------+-------+-------+-------++-------
  Melee: Trident           |    95 |    16 |       |       |       ||   111
         Staff             |       |    59 |   241 |   337 |   511 ||  1148
         Punch             |       |       |     5 |     4 |     7 ||    16
Ability: Evoke the Staff o |       |       |       |    39 |    57 ||    96
  Evoke: Wand              |       |     1 |       |     2 |     1 ||     4
    Use: Scroll            |     5 |     2 |     7 |     9 |     8 ||    31
         Potion            |       |       |     2 |     5 |     3 ||    10
   Stab: Sleeping          |     2 |     3 |       |       |     2 ||     7
         Petrified         |       |       |       |       |     7 ||     7
         Petrifying        |       |       |       |       |     1 ||     1
 Armour: Leather armour    |    22 |    23 |    72 |    82 |    96 ||   295
  Dodge: Dodged            |    46 |    23 |   132 |   186 |   256 ||   643
  Block: Other             |     5 |    11 |    59 |    68 |    49 ||   192
         Reflection        |     1 |       |     3 |     3 |     2 ||     9
         Buckler           |       |       |       |       |    63 ||    63

Levels and vault maps discovered:
D:1:      saegor_arrival_simple_b, layout_loops_ring, minmay_pentomino_x2
D:2:      layout_loops_ring, serial_shops, shop_fountains
D:3:      layout_loops_cross, tgw_kikubaaqudgha,
          hellmonk_ecumenical_altar_heavens_door, minmay_circle_x
D:4:      cheibrodos_thug_alley, layout_rooms, overflow_temple_1_default,
          serial_shops, shop, kennysheep_mini, lexackson_kobold_supper,
          uniq_grinder, uniq_pikel, uniq_edmund, uniq_eustachio
D:5:      layout_layer_cave, minmay_manual_mess
D:7:      layout_basic, minmay_temple_entry_mist, uniq_joseph
D:8:      layout_gridville, uniq_prince_ribbit1
D:9:      layout_rooms, mainiacjoe_overflow_big_doors,
          nicolae_dithmenos_through_a_glass_darkly, minmay_lair_entry_grove,
          orc_0_dummy, item_on_display_a
D:10:     layout_gridville
D:11:     minmay_the_grid_octo_tiled_squarecenter [minmay_the_grid_octo_empty,
          minmay_the_grid_octo_fan_narrow, minmay_the_grid_octo_checkered,
          minmay_the_grid_octo_chip, minmay_the_grid_square_5x5_megaprize_open,
          minmay_the_grid_square_5x5_doubleslash,
          minmay_the_grid_square_5x5_detours,
          minmay_the_grid_square_5x5_two_walls_a,
          minmay_the_grid_square_5x5_eight], layout_basic
Temple:   bh_familiar_temple
Lair:1:   layout_hall_layers, minmay_shattered_shrine
Lair:2:   layout_cave_pods
Lair:3:   layout_cave_shapes, shoals_dummy_entry, spider_nest_entry_web_field,
          bobbens_dragon_lair_wall, lemuel_fruit_fields, lemuel_fruit_tree,
          uniq_kirke
Lair:4:   layout_regular_city, grunt_megastairs_3
Lair:5:   grunt_lair_end_beastmaster, layout_loops_ring, slime_entry_1,
          infiniplex_staircase_pool, serial_bayou_shore_b, uniq_sonja
Orc:1:    layout_diamond_mine, uniq_maurice
Orc:2:    grunt_orc_community_town_hall, layout_caves,
          grunt_orc_community_big_house_1, grunt_orc_community_big_house_2,
          grunt_orc_community_house_1, grunt_orc_community_house_1,
          grunt_orc_community_house_3, grunt_orc_community_house_2,
          grunt_orc_community_house_1, serial_shops, shop_coins

Notes
Turn   | Place    | Note
-------+----------+-------------------------------------------
     0 | D:1      | demibob the Merfolk Gladiator began the quest for the Orb.
     0 | D:1      | Reached XP level 1. HP: 16/16 MP: 1/1
   146 | D:1      | Reached XP level 2. HP: 22/22 MP: 2/2
   259 | D:1      | Reached skill level 5 in Polearms
   680 | D:2      | Found Lotaffecw's Weapon Shop.
   769 | D:2      | Reached XP level 3. HP: 27/27 MP: 3/3
   905 | D:2      | Reached skill level 6 in Polearms
  1033 | D:2      | Reached XP level 4. HP: 33/33 MP: 4/4
  1411 | D:3      | Identified a scroll of acquirement
  1411 | D:3      | Acquired the +9 staff of Olgreb {rPois∞}
  1411 | D:3      | Found the +9 staff of Olgreb {rPois∞}
  1678 | D:3      | Found a faded altar of an unknown god.
  1687 | D:3      | Found an ancient bone altar of Kikubaaqudgha.
  1690 | D:3      | Noticed a human
  1691 | D:3      | Killed a human
  1930 | D:4      | Noticed Grinder
  1954 | D:4      | Paralysed by Grinder for 3 turns
  1959 | D:4      | Paralysed by Grinder for 3 turns
  1962 | D:4      | Killed Grinder
  1963 | D:4      | Reached skill level 2 in Staves
  1963 | D:4      | Reached skill level 2 in Evocations
  1963 | D:4      | Reached XP level 5. HP: 13/38 MP: 5/5
  1963 | D:4      | Reached XP level 6. HP: 15/44 MP: 6/6
  2077 | D:4      | Reached skill level 3 in Evocations
  2108 | D:4      | Learned a level 3 spell: Spider Form
  2150 | D:4      | Found Woireg's Antique Weapon Shop.
  2202 | D:4      | Noticed Edmund
  2489 | D:4      | Killed Edmund
  2490 | D:4      | Reached skill level 3 in Staves
  2490 | D:4      | Reached skill level 1 in Poison Magic
  2490 | D:4      | Reached XP level 7. HP: 33/50 MP: 7/7
  2558 | D:4      | Found Dusmaeng's Distillery.
  2613 | D:4      | Noticed Eustachio
  2617 | D:4      | Reached skill level 2 in Poison Magic
  2617 | D:4      | Reached skill level 4 in Evocations
  2639 | D:4      | Killed Eustachio
  2749 | D:4      | Found an opulent altar of Gozag.
  2826 | D:4      | Noticed Pikel
  2863 | D:4      | Killed Pikel
  2864 | D:4      | Reached skill level 4 in Staves
  2864 | D:4      | Reached skill level 4 in Poison Magic
  2864 | D:4      | Reached skill level 5 in Evocations
  2864 | D:4      | Reached XP level 8. HP: 37/56 MP: 8/8
  3467 | D:5      | Entered Level 5 of the Dungeon
  3546 | D:5      | You fall into a shaft and drop 2 floors!
  3547 | D:7      | Found a staircase to the Ecumenical Temple.
  3563 | D:7      | Reached skill level 5 in Poison Magic
  3607 | D:7      | Reached skill level 5 in Staves
  3607 | D:7      | Reached skill level 6 in Evocations
  3609 | D:7      | Reached XP level 9. HP: 61/61 MP: 9/9
  3631 | Temple   | Entered the Ecumenical Temple
  3936 | D:7      | Reached skill level 6 in Poison Magic
  4184 | D:7      | Noticed Joseph
  4207 | D:7      | Killed Joseph
  4208 | D:7      | Reached skill level 7 in Evocations
  4345 | D:7      | Reached skill level 6 in Staves
  4653 | D:8      | Noticed Prince Ribbit
  4665 | D:8      | Killed Prince Ribbit
  4666 | D:8      | Reached skill level 7 in Poison Magic
  4792 | D:8      | Reached XP level 10. HP: 37/67 MP: 10/10
  4933 | D:8      | Reached skill level 8 in Evocations
  5063 | D:8      | Reached skill level 8 in Poison Magic
  5468 | D:9      | Reached skill level 7 in Staves
  5510 | D:9      | Found a staircase to the Lair.
  5560 | D:8      | Reached skill level 9 in Evocations
  5835 | D:9      | Found a staircase to the Orcish Mines.
  5882 | D:9      | Reached skill level 9 in Poison Magic
  6151 | D:9      | Found a bloodstained altar of Trog.
  6154 | D:9      | Found a shadowy altar of Dithmenos.
  6166 | D:9      | Found a radiant altar of Vehumet.
  6170 | D:9      | Became a worshipper of Vehumet
  6204 | D:9      | Reached skill level 5 in Dodging
  6430 | Lair:1   | Entered Level 1 of the Lair of Beasts
  6452 | Lair:1   | Noticed a cane toad
  6459 | Lair:1   | Reached XP level 11. HP: 72/72 MP: 2/11
  6462 | Lair:1   | Reached skill level 8 in Staves
  6555 | Lair:1   | Reached skill level 6 in Dodging
  6670 | Lair:1   | Reached skill level 7 in Dodging
  6878 | Lair:1   | Noticed a six-headed hydra
  6879 | Lair:1   | Noticed a seven-headed hydra
  6888 | Lair:1   | Killed a six-headed hydra
  6889 | Lair:1   | Reached skill level 9 in Staves
  6889 | Lair:1   | Reached skill level 8 in Dodging
  6892 | Lair:1   | Killed a seven-headed hydra
  7113 | Lair:1   | Reached skill level 9 in Dodging
  7712 | Lair:2   | Noticed a death yak
  7712 | Lair:2   | Noticed a death yak
  7712 | Lair:2   | Noticed a death yak
  7736 | Lair:2   | Killed a death yak
  7740 | Lair:2   | Killed a death yak
  7747 | Lair:2   | Noticed a death yak
  7748 | Lair:2   | Killed a death yak
  7749 | Lair:2   | Reached skill level 10 in Dodging
  7752 | Lair:2   | Noticed a death yak
  7753 | Lair:2   | Noticed a death yak
  7845 | Lair:1   | HP: 3/72 [death yak (17)]
  7848 | Lair:1   | Killed a death yak
  7849 | Lair:1   | Reached XP level 12. HP: 4/78 MP: 12/12
  8099 | Lair:2   | Reached skill level 10 in Staves
  8483 | Lair:2   | Reached skill level 11 in Dodging
  8485 | Lair:2   | Reached * piety under Vehumet
  8485 | Lair:2   | Offered knowledge of Kiss of Death by Vehumet.
  8699 | Lair:2   | Reached skill level 1 in Spellcasting
  8762 | Lair:2   | Killed a death yak
  8766 | Lair:2   | Killed a death yak
  8998 | Lair:2   | Reached skill level 2 in Spellcasting
  9315 | Lair:3   | Noticed a five-headed hydra
  9342 | Lair:3   | Killed a five-headed hydra
  9343 | Lair:3   | Reached skill level 3 in Spellcasting
  9343 | Lair:3   | Reached skill level 10 in Poison Magic
  9610 | Lair:3   | Found a hole to the Spider Nest.
  9765 | Lair:3   | Noticed Kirke
  9772 | Lair:3   | Reached ** piety under Vehumet
  9772 | Lair:3   | Offered knowledge of Foxfire by Vehumet.
  9773 | Lair:3   | Reached skill level 4 in Spellcasting
  9776 | Lair:3   | Reached skill level 11 in Staves
  9788 | Lair:3   | Killed Kirke
  9792 | Lair:3   | Reached XP level 13. HP: 55/83 MP: 18/20
  9918 | Lair:3   | Found a staircase to the Shoals.
 10062 | Lair:3   | Reached skill level 5 in Spellcasting
 10062 | Lair:3   | Reached skill level 11 in Poison Magic
 10257 | Lair:3   | Learned a level 1 spell: Freeze
 10346 | Lair:4   | Offered knowledge of Stone Arrow by Vehumet.
 10705 | Lair:4   | Identified the +2 pair of gloves of Slovenliness {rC+++
                  | Slay+3}
 11056 | Lair:4   | Reached skill level 12 in Poison Magic
 11150 | Lair:4   | Reached *** piety under Vehumet
 11450 | Lair:5   | Entered Level 5 of the Lair of Beasts
 11467 | Lair:5   | Noticed Sonja
 11490 | Lair:5   | Reached skill level 13 in Poison Magic
 11490 | Lair:5   | Killed Sonja
 11493 | Lair:5   | Identified a potion of resistance
 11592 | Lair:5   | Found a viscous altar of Jiyva.
 11592 | Lair:5   | Found a staircase to the Slime Pits.
 11630 | Lair:5   | Offered knowledge of Olgreb's Toxic Radiance by Vehumet.
 12028 | Lair:5   | Reached skill level 1 in Armour
 12131 | Lair:5   | Reached skill level 3 in Fighting
 12299 | Lair:5   | Reached skill level 4 in Fighting
 12299 | Lair:5   | Reached skill level 2 in Armour
 12334 | Lair:5   | Reached **** piety under Vehumet
 12335 | Lair:5   | Reached XP level 14. HP: 49/95 MP: 13/21
 12502 | Lair:5   | Reached skill level 14 in Poison Magic
 12843 | Lair:5   | Reached skill level 5 in Fighting
 12846 | Lair:5   | Learned a level 2 spell: Ensorcelled Hibernation
 12871 | Lair:5   | Reached skill level 1 in Hexes
 12871 | Lair:5   | Reached skill level 1 in Ice Magic
 13100 | Orc:1    | Entered Level 1 of the Orcish Mines
 13104 | Orc:1    | Paralysed by an orc sorcerer for 5 turns
 13141 | Orc:1    | Offered knowledge of Freezing Cloud by Vehumet.
 13148 | Orc:1    | Learned a level 5 spell: Freezing Cloud
 13316 | Orc:2    | Entered Level 2 of the Orcish Mines
 13324 | Orc:2    | Reached skill level 2 in Ice Magic
 13389 | Orc:2    | Reached skill level 1 in Conjurations
 13542 | Orc:2    | Reached skill level 3 in Ice Magic
 13563 | Orc:2    | Found Wirof's General Store.
 13647 | Orc:2    | Reached ***** piety under Vehumet
 13648 | Orc:2    | Offered knowledge of Sticky Flame by Vehumet.
 13653 | Orc:2    | Found a staircase to the Elven Halls.
 13733 | Orc:2    | Found Boiv's Antique Armour Boutique.
 13744 | Orc:2    | Reached skill level 2 in Conjurations
 13812 | Orc:2    | Bought a runed cloak for 217 gold pieces
 13812 | Orc:2    | Bought a runed buckler for 217 gold pieces
 13924 | Orc:2    | Noticed Saint Roka
 14165 | D:10     | Entered Level 10 of the Dungeon
 14207 | D:10     | Reached skill level 1 in Shields
 14427 | D:10     | Reached skill level 4 in Ice Magic
 14907 | D:11     | Reached skill level 2 in Shields
 14982 | D:11     | Reached skill level 3 in Conjurations
 15467 | D:11     | Reached skill level 3 in Shields
 15467 | D:11     | Reached skill level 5 in Ice Magic
 15583 | D:11     | Offered knowledge of Conjure Ball Lightning by Vehumet.
 15585 | D:11     | Identified the +4 rapier "Weoviam" {heavy, *Slow rPois
                  | Int+3 Dex+3}
 15606 | D:11     | Slain by a red ugly thing

Vanquished Creatures
  Kirke (Lair:3)
  5 hydras
  A centaur warrior (D:11)
  2 catoblepae (Lair:5)
  A two-headed ogre (Orc:2)
  10 death yaks
  A deep troll shaman (Lair:5)
  Sonja (Lair:5)
  An orc knight (Orc:2)
  Pikel (D:4)
  An orc sorcerer (Orc:1)
  14 elephants
  5 black mambas
  Joseph (D:7)
  An efreet (D:11)
  12 komodo dragons
  7 cane toads
  8 rime drakes
  3 trolls
  Prince Ribbit (D:8)
  4 polar bears (Lair:5)
  Grinder (D:4)
  4 blink frogs (Lair:4)
  2 dream sheep (Lair:1)
  A water elemental (D:11)
  4 shadows
  2 wraiths
  A vampire (D:11)
  10 wyverns
  7 hogs (Lair:3)
  4 basilisks
  Eustachio (D:4)
  47 yaks
  4 steam dragons (Lair:3)
  Edmund (D:4)
  3 wargs
  11 water moccasins
  19 orc warriors
  An ice beast (D:7)
  2 black bears
  5 ogres (Orc:2)
  A sky beast (D:7)
  15 wolves
  5 centaurs
  4 lemures (D:4)
  4 kobold brigands
  15 bullfrogs
  2 necrophages
  3 gnoll sergeants
  10 wights
  9 killer bees
  4 electric eels
  5 howler monkeys
  3 jellies
  8 orc priests
  A gnoll bouda (Orc:2)
  A hound (D:4)
  2 iguanas (D:4)
  19 orc wizards
  16 gnolls
  2 adders
  A shadow imp (D:8)
  An ufetubus (D:7)
  A worm (D:2)
  3 dart slugs
  53 orcs
  9 ball pythons
  5 bats
  3 endoplasms
  5 giant cockroaches
  7 goblins
  7 hobgoblins
  2 jackals (D:1)
  3 quokkas (D:2)
  3 frilled lizards
  29 kobolds
  6 rats
478 creatures vanquished.

Vanquished Creatures (others)
  A human (D:3)
  10 fungi
  30 plants
41 creatures vanquished.

Grand Total: 519 creatures vanquished

Table legend: (Time is in decaauts)
 A = Elapsed time spent in this place.
 B = Non-inter-level travel time spent in this place.
 C = Inter-level travel time spent in this place.
 D = Time resting spent in this place.
 E = Time spent auto-exploring this place.
 F = Levels seen in this place.
 G = Mean time per level.
                   A        B        C        D        E       F      G
               +--------+--------+--------+--------+--------+-----+--------+
         Total |  15320 |  14758 |    562 |   1704 |  10464 |  18 |  851.1 |
       Dungeon |   7612 |   7312 |    300 |    583 |   5251 |  10 |  761.2 |
        Temple |    187 |    167 |     20 |      0 |    161 |   1 |  187.0 |
          Lair |   6491 |   6294 |    197 |    910 |   4470 |   5 | 1298.2 |
  Orcish Mines |   1028 |    984 |     44 |    211 |    581 |   2 |  514.0 |
               +--------+--------+--------+--------+--------+-----+--------+

Top non-repeatable levels by time:
  Lair:1: 1609 daAuts
  Lair:5: 1502 daAuts
     D:4: 1445 daAuts
  Lair:2: 1205 daAuts
  Lair:4: 1164 daAuts
     D:8: 1122 daAuts
  Lair:3: 1009 daAuts
     D:7: 856 daAuts
     D:9: 719 daAuts
    D:11: 715 daAuts
     D:3: 702 daAuts
     D:1: 682 daAuts
    D:10: 652 daAuts
     D:2: 636 daAuts
   Orc:2: 592 daAuts

Table legend:
 A = Non-vault XP
 B = Vault XP
 C = Vault XP percentage of total XP
 D = Non-vault monster count
 E = Vault monster count
 F = Vault count percentage of total count
                 A         B        C        D         E       F
            +---------+---------+-------+---------+---------+-------
      Total |   45487 |   29602 |  39.4 |     337 |     137 |  28.9
            +---------+---------+-------+---------+---------+-------
        D:1 |      24 |       3 |  11.1 |      11 |       2 |  15.4
        D:2 |      61 |       0 |   0.0 |      28 |       0 |   0.0
        D:3 |      25 |       7 |  21.9 |       7 |       4 |  36.4
        D:4 |     298 |    1475 |  83.2 |      13 |      24 |  64.9
        D:5 |     126 |       0 |   0.0 |       1 |       0 |   0.0
        D:7 |    1381 |     439 |  24.1 |      31 |       1 |   3.1
        D:8 |    1747 |     472 |  21.3 |      38 |       2 |   5.0
        D:9 |    1002 |    1980 |  66.4 |      15 |      11 |  42.3
       D:10 |    3051 |       0 |   0.0 |      15 |       0 |   0.0
       D:11 |    3389 |    3384 |  50.0 |      32 |      11 |  25.6
     Lair:1 |    2970 |    4119 |  58.1 |      11 |      10 |  47.6
     Lair:2 |    7363 |       0 |   0.0 |      18 |       0 |   0.0
     Lair:3 |    5456 |    5727 |  51.2 |      21 |      18 |  46.2
     Lair:4 |    5751 |     904 |  13.6 |      19 |       5 |  20.8
     Lair:5 |    8306 |    9203 |  52.6 |      27 |      19 |  41.3
      Orc:1 |    1109 |     161 |  12.7 |      10 |       1 |   9.1
      Orc:2 |    3428 |    1728 |  33.5 |      40 |      29 |  42.0
            +---------+---------+-------+---------+---------+-------
